Map: Backwater LE

Players

Sjefen

  • Race: Zerg Zerg
  • Spawn Location: 5:00

Olisexsexsex - Winner!

  • Race: Protoss Protoss
  • Spawn Location: 11:00

VOD

https://www.youtube.com/channel/UC8Fw5aD9mFkJITdOo-LNKFg

Description

Canon rush 101

Time

  • Played on: Feb. 5, 2023, 5:12 p.m.
  • Length: 10:27
Show
View Real Time Build Order
Export as new Build Order

Sjefen Zerg 

Build Orders: Hatch First 

Get SALT Encoding   

  12  0:06  Drone  
  13  0:13  Overlord  
  13  0:17  Drone  
  14  0:45  Hatchery  
  14  0:48  Drone  
  14  0:51  Drone  
  14  0:54  Drone  
  16  1:00  Drone  
  17  1:15  Spawning Pool  
  16  1:20  Extractor  
  16  1:21  Drone  
  16  1:22  Drone  
  16  2:09  Queen  
  18  2:19  Zergling x4  
  18  2:20  Zergling x8  
  24  2:26  Spine Crawler  
  23  2:31  Drone  
  23  2:32  Drone  
  23  2:54  Drone x3  
  23  2:55  Drone  
  27  3:13  Overlord x2  
  26  3:31  Queen  
  28  3:38  Spawning Pool  
  28  3:41  Drone x6  
  31  3:47  Drone  
  34  4:09  Drone  
  36  4:10  Drone  
  36  4:12  Overlord x4  
  36  4:39  Queen  
  36  4:42  Lair  
  38  5:03  Extractor  
  38  5:05  Extractor, Drone  
  38  5:06  Drone x8  
  44  5:20  Spine Crawler  
  43  5:24  Drone x3  
  43  5:25  Drone  
  47  5:42  Drone, Spire  
  48  5:43  Drone x6  
  48  5:48  Queen  
  55  5:57  Extractor  
  54  6:10  Queen  
  53  7:03  Mutalisk x4  
  53  7:04  Mutalisk x2  
  65  7:21  Spawning Pool  
  64  7:23  Mutalisk  
  64  7:25  Overlord  
  66  7:32  Drone x4  
  68  7:46  Mutalisk  
  70  8:04  Mutalisk  
  72  8:09  Overlord  
  72  8:10  Overlord x3  
  55  9:06  Mutalisk  
  55  9:07  Mutalisk  
  57  9:24  Drone, Roach Warren  
  56  9:25  Drone x12  
  56  9:27  Zergling x6  
  56  9:28  Zergling x2  
  53  10:08  Hatchery  
Show
View Real Time Build Order
Export as new Build Order

Olisexsexsex Protoss - Winner!

Build Orders: Cannon Rush 

Get SALT Encoding   

  12  0:00  Probe  
  13  0:13  Probe  
  14  0:23  Pylon  
  14  0:25  Probe  
  15  0:41  Probe  
  16  0:46  Forge  
  16  0:54  Probe  
  17  1:07  Pylon  
  17  1:09  Probe  
  18  1:21  Probe  
  19  1:28  Photon Cannon  
  19  1:33  Pylon  
  19  1:37  Pylon  
  19  1:53  Photon Cannon  
  19  1:59  Photon Cannon  
  19  2:05  Pylon  
  19  2:08  Photon Cannon  
  19  2:10  Photon Cannon  
  19  2:18  Pylon  
  19  2:23  Photon Cannon  
  19  2:40  Photon Cannon  
  19  2:42  Photon Cannon  
  19  2:53  Photon Cannon  
  19  3:00  Photon Cannon  
  19  3:14  Pylon  
  19  3:22  Photon Cannon  
  19  3:54  Pylon  
  19  4:01  Probe  
  20  4:03  Assimilator  
  20  4:07  Assimilator  
  20  4:13  Probe  
  20  4:16  Photon Cannon  
  21  4:27  Pylon  
  21  4:38  Photon Cannon  
  21  4:40  Probe  
  22  4:50  Gateway  
  22  4:53  Probe  
  22  4:57  Pylon  
  23  5:05  Probe  
  24  5:15  Pylon  
  24  5:20  Pylon  
  24  5:30  Pylon  
  24  5:42  Photon Cannon  
  24  5:48  Cybernetics Core  
  24  5:51  Gateway  
  24  5:53  Gateway  
  24  5:59  Gateway  
  24  6:12  Pylon  
  24  6:21  Photon Cannon  
  24  6:36  Photon Cannon  
  24  6:46  Photon Cannon  
  24  6:52  Photon Cannon  
  24  7:10  Warp Gate (Chrono Boost)  
  24  7:15  Twilight Council  
  24  7:29  Photon Cannon  
  24  7:41  Stalker x2  
  24  7:42  Stalker x2  
  31  8:01  Pylon  
  31  8:05  Dark Shrine  
  31  8:22  Photon Cannon  
  31  8:24  Pylon  
  30  8:47  Stalker  
  30  8:48  Stalker x2  
  27  9:19  Dark Templar x2  
  31  9:27  Dark Templar  
  33  9:58  Dark Templar x2  
Tags
 
Add a new tag
Caveats
  • Supply blocks, unpowered buildings, or Contaminate may cause inaccurate times.
  • Supply counts are checked every 10 seconds.